 Dungeon Crawl Stone Soup version 0.30.0-29-ga12c61a403 (webtiles) character file.

Game seed: 15083573818461496441

28 qw the Shield-Bearer (level 3, 0/23 HPs)
             Began as a Gargoyle Fighter on June 3, 2023.
             Slain by a gnoll
             ... wielding a +0 whip
              (5 damage)
             ... on level 2 of the Dungeon.
             The game lasted 00:00:21 (1149 turns).

qw the Shield-Bearer (Gargoyle Fighter)             Turns: 1149, Time: 00:00:22

Health: 0/23       AC: 10    Str: 21    XL:     3   Next: 14%
Magic:  3/3        EV:  9    Int:  8    God:
Gold:   16         SH:  4    Dex:  9    Spells: 2/2 levels left

rFire   . . .        Y - +0 war axe
rCold   . . .        c - +0 buckler
rNeg    + . .        b - +0 scale mail
rPois   inf          (no helmet)
rElec   +            (no cloak)
rCorr   .            (no gloves)
SInv    .            (no boots)
Will    .....        (no amulet) Stlth
                     (no ring)
HPRegen 0.23/turn    (no ring)
MPRegen 0.08/turn

%: no passive effects
@: no status effects
A: sickness immunity, AC +3, negative energy resistance 1, electricity
resistance, torment resistance 1, petrification resistance
a: no special abilities


You were on level 2 of the Dungeon.
You visited 1 branch of the dungeon, and saw 2 of its levels.

You collected 16 gold pieces.


Innate Abilities, Weirdness & Mutations

You are immune to sickness and miasma.
Your stone body is resilient. (AC +3)
You are immune to poison.
You resist negative energy. (rN+)
You are resistant to electric shocks. (rElec)
You are resistant to unholy torment.
You are immune to petrification.


   Skills:
 - Level 3.2 Fighting
 + Level 3.2 Axes
 - Level 3.2 Armour
 - Level 3.2 Shields


You had 2 spell levels left.
You didn't know any spells.
Your spell library was empty.

Inventory:

Hand Weapons
 k - a +0 flail
 Y - a +0 war axe (weapon)
Missiles
 e - a boomerang (quivered)
Armour
 b - a +0 scale mail (worn)
 c - a +0 buckler (worn)
Scrolls
 a - a scroll of teleportation {unknown}
 j - a scroll of identify
Potions
 d - 3 potions of might
 f - a potion of heal wounds

Dungeon Overview and Level Annotations

Branches:
Dungeon (2/15)

Altars:

Shops:
D:1 :


Message History

You block the jackal's attack.
The jackal bites you but does no damage.
A jackal comes into view.
You hit the jackal.
The jackal is almost dead.
You hit the gnoll. You block the jackal's attack.
A gnoll comes into view. It is wielding a +0 spear of venom.
You hit the jackal.
You kill the jackal!
You closely miss the gnoll. You block the gnoll's attack.
You closely miss the gnoll.
The gnoll is heavily wounded.
You hit the gnoll. You slash the gnoll! The gnoll hits you but does no damage.
The gnoll closely misses you. You block the gnoll's attack.
You block the adder's attack.
The gnoll hits you with a +0 whip. x2; The gnoll hits you but does no damage.
You closely miss the gnoll.
The gnoll is heavily wounded.
You closely miss the gnoll. You barely miss the adder.
You hit the gnoll but do no damage. The adder closely misses you.
The gnoll hits you with a +0 whip. The gnoll barely misses you.
The gnoll closely misses you. The adder completely misses you.
You barely miss the gnoll.
The gnoll is heavily wounded.
You closely miss the adder. You hit the gnoll but do no damage.
You slash the gnoll! The adder barely misses you. You block the gnoll's attack.
The gnoll hits you with a +0 whip. The gnoll barely misses you.
You barely miss the gnoll.
The gnoll is heavily wounded.
You barely miss the gnoll. You closely miss the adder.
You closely miss the gnoll. The adder bites you but does no damage.
The gnoll hits you with a +0 whip. You block the gnoll's attack.
The gnoll hits you but does no damage. You block the adder's attack.
The gnoll barely misses you. The gnoll hits you but does no damage.
The gnoll hits you with a +0 whip.
You die...

.........#..##......
.#########..........
#....#.######
#.#.)....#
#...####.# ###..##
#.# ..#######....#
###.#####
.......hgg..##
#.<.....#
##....##g@###
#.......#
...##.ghS##
#.......# h #.####
#.......# ..
#.......# ..g
#....)..# ##
#.......#
.###.......#
..........##
..........#


You could see 4 gnolls, an adder and 2 jackals.

Vanquished Creatures
  3 dart slugs (D:1)
  3 endoplasms
  4 hobgoblins (D:1)
  A jackal (D:2)
  2 kobolds (D:1)
  2 quokkas (D:1)
  2 ball pythons (D:1)
  A bat (D:1)
  A frilled lizard (D:1)
  A rat (D:1)
20 creatures vanquished.

Notes
Turn   | Place    | Note
-------+----------+-------------------------------------------
     0 | D:1      | qw the Gargoyle Fighter began the quest for the Orb.
     0 | D:1      | Reached XP level 1. HP: 14/14 MP: 1/1
     0 | D:1      | 0 ||| qw: Version: 0.2-a-103-g5a998e5
     0 | D:1      | 0 ||| qw: Game counter: 1076
     0 | D:1      | 0 ||| qw: Always use a shield: true
     0 | D:1      | 0 ||| qw: God list: Okawaru
     0 | D:1      | 0 ||| qw: Allow faded altars: false
     0 | D:1      | 0 ||| qw: Do Orc after D:15 true
     0 | D:1      | 0 ||| qw: Do second Lair branch before Depths: true
     0 | D:1      | 0 ||| qw: Lair rune preference: random
     0 | D:1      | 0 ||| qw: Plans: Normal, Zot:1-4, Slime:5, God:TSO, Crypt,
                  | Tomb, Pan, Hells, Abyss, Win
     0 | D:1      | 0 ||| PLANNING D:1-11
   160 | D:1      | Reached XP level 2. HP: 19/19 MP: 2/2
   242 | D:1      | 242 ||| Stepping ~*~*~tactically~*~*~ (hiding).
   288 | D:1      | 288 ||| Stepping ~*~*~tactically~*~*~ (hiding).
   400 | D:1      | Reached skill level 3 in Axes
   436 | D:1      | Reached XP level 3. HP: 23/23 MP: 3/3
   456 | D:1      | 456 ||| DROPPING +2 whip of venom.
   701 | D:1      | Found Ufavvoax's Book Boutique.
  1038 | D:1      | 1038 ||| READING scroll labelled TINOAMUGEPT.
  1039 | D:1      | 1039 ||| READING 3 scrolls labelled USA SEDYKAT.
  1040 | D:1      | 1040 ||| DRINKING 2 clear potions.
  1041 | D:1      | 1041 ||| READING 2 scrolls of identify.
  1041 | D:1      | 1041 ||| IDENTIFYING puce potion
  1042 | D:1      | 1042 ||| DROPPING potion of degeneration.
  1128 | D:2      | 1128 ||| Stepping ~*~*~tactically~*~*~ (stealth).
  1136 | D:2      | 1136 ||| Stepping ~*~*~tactically~*~*~ (stealth).
  1137 | D:2      | 1137 ||| Stepping ~*~*~tactically~*~*~ (stealth).
  1138 | D:2      | 1138 ||| Stepping ~*~*~tactically~*~*~ (stealth).
  1149 | D:2      | HP: 5/23 [gnoll/+0 whip (6)]
  1149 | D:2      | Slain by a gnoll

Levels and vault maps discovered:
D:1:      sevenhm_arrival_forest_fort_large_2, layout_basic, serial_shops,
          nicolae_book_shop_shelving, minmay_misc_feat_hallway
D:2:      layout_rooms, basic_altar, minmay_unequal, uniq_natasha

Skill      XL: |  1  2 |
---------------+-------+-----
Axes           | 2 3 |  3.2
Fighting       | |  3.2
Armour         | |  3.2
Shields        | |  3.2

Action                     || total
---------------------------++-------
  Melee: War axe           ||    53
  Throw: Boomerang         ||    15
    Use: Scroll            ||     3
         Potion            ||     1
 Armour: Scale mail        ||    27
  Dodge: Dodged            ||    31
  Block: Buckler           ||    19

Table legend:
 A = Non-vault XP
 B = Vault XP
 C = Vault XP percentage of total XP
 D = Non-vault monster count
 E = Vault monster count
 F = Vault count percentage of total count
                 A         B        C        D         E       F
            +---------+---------+-------+---------+---------+-------
      Total |      41 |       0 |   0.0 |      20 |       0 |   0.0
            +---------+---------+-------+---------+---------+-------
        D:1 |      35 |       0 |   0.0 |      17 |       0 |   0.0
        D:2 |       6 |       0 |   0.0 |       3 |       0 |   0.0
            +---------+---------+-------+---------+---------+-------
